 Dungeon Crawl Stone Soup version 0.31-a0-925-g0a390f2509 (webtiles) character file.

Game seed: 2132894998108547962

152705 Flugkiller the Scorcher (level 17, -13/97 HPs)
             Began as a Deep Elf Fire Elementalist on Oct 18, 2023.
             Was the Champion of Vehumet.
             Collided with a rock wall (22 damage)
             ... caused by a merfolk aquamancer
             ... on level 4 of the Shoals.
             The game lasted 00:39:03 (31468 turns).

Flugkiller the Scorcher (DEFE)                     Turns: 31468, Time: 00:39:04

Health: -13/97     AC: 15    Str:  5    XL:     17   Next: 3%
Magic:  25/39      EV: 22    Int: 29    God:    Vehumet [******]
Gold:   1515       SH:  4    Dex: 15    Spells: 9/48 levels left

rFire   + + .        C - staff of the Blushing Spider {rN+ Conj}
rCold   + . .        O - +0 buckler
rNeg    + . .        f - +2 robe of Vampiric Thralls {Harm}
rPois   .            e - +2 helmet
rElec   .            W - +2 cloak
rCorr   +            g - +1 pair of gloves of Polytheism {rF++ rCorr}
SInv    .            J - +2 pair of boots
Will    +....        E - amulet of magic regeneration
Stlth   ++           v - +5 ring of evasion
HPRegen 0.36/turn    p - ring of protection from cold
MPRegen 0.66/turn

%: harm (+30% outgoing, +20% incoming)
@: no status effects
A: no striking features
a: Renounce Religion


You were on level 4 of the Shoals.
You worshipped Vehumet.
Vehumet was exalted by your worship.
You visited 5 branches of the dungeon, and saw 27 of its levels.
You also visited: Gauntlet and Volcano.

You collected 2672 gold pieces.
You spent 1157 gold pieces at shops.

Inventory:

Missiles
 a - 3 curare-tipped darts
 X - 9 throwing nets
Armour
 e - a +2 helmet (worn)
   (You took it off Robin on level 3 of the Dungeon)
 f - the +2 robe of Vampiric Thralls (worn) {Harm}
   (You bought it in a shop on level 2 of the Orcish Mines)

   Harm:      It increases damage dealt and taken.
 g - the +1 pair of gloves of Polytheism (worn) {rF++ rCorr}
   (You found it in a Gauntlet)

   rF++:      It greatly protects you from fire.
   rCorr:     It protects you from acid and corrosion.
 J - a +2 pair of boots (worn)
   (You found it on level 11 of the Dungeon)
 O - a +0 buckler (worn)
   (You found it on level 11 of the Dungeon)
 W - a +2 cloak (worn)
   (You found it on level 5 of the Dungeon)
Magical Staves
 C - the staff of the Blushing Spider (weapon) {rN+ Conj}
   (You took it off a gnoll on level 7 of the Dungeon)

   [staff of conjuration]

   Base accuracy: +5 Base damage: 5 Base attack delay: 1.2 This weapon's minimum
   attack delay (0.6) is reached at skill level 12.
   rN+:       It protects you from negative energy.
   Conj:      It increases the power of your Conjurations spells.
   It falls into the 'Staves' category.
   It is a one-handed weapon.
 Y - a staff of fire
   (You found it on level 12 of the Dungeon)
Jewellery
 c - a ring of protection from cold
   (You found it on level 15 of the Dungeon)
 l - a ring of flight
   (You found it on level 2 of the Dungeon)
 p - a ring of protection from cold (right hand)
   (You found it on level 8 of the Dungeon)
 s - a ring of wizardry
   (You took it off an efreet on level 13 of the Dungeon)
 v - a +5 ring of evasion (left hand)
   (You found it on level 5 of the Lair of Beasts)
 A - an amulet of the acrobat
   (You found it on level 6 of the Dungeon)
 E - an amulet of magic regeneration (around neck)
   (You bought it in a shop on level 2 of the Orcish Mines)
 V - a ring of fire
   (You found it on level 3 of the Shoals)
Wands
 u - a wand of charming (35)
   (You found it on level 4 of the Dungeon)
 M - a wand of flame (17)
   (You found it on level 2 of the Lair of Beasts)
 N - a wand of light (6)
   (You found it on level 1 of the Lair of Beasts)
 Q - a wand of mindburst (43)
   (You found it on level 6 of the Dungeon)
 S - a wand of digging (2)
   (You found it on level 3 of the Lair of Beasts)
 Z - a wand of iceblast (10)
   (You found it on level 2 of the Lair of Beasts)
Scrolls
 i - 3 scrolls of summoning
 m - 3 scrolls of torment
 o - 5 scrolls of immolation
 r - 5 scrolls of identify
 t - 9 scrolls of teleportation
 x - 3 scrolls of poison
 z - 4 scrolls of blinking
 B - a scroll of fear
 D - 4 scrolls of fog
 G - 2 scrolls of vulnerability
 P - 3 scrolls of silence
Potions
 b - a potion of magic
 d - a potion of might
 h - 3 potions of haste
 j - 7 potions of enlightenment
 k - 3 potions of lignification
 n - 2 potions of resistance
 q - 8 potions of curing
 w - 6 potions of heal wounds
 y - 5 potions of attraction
 I - 2 potions of cancellation
 L - 3 potions of mutation
 R - a potion of invisibility
 T - 4 potions of ambrosia
Miscellaneous
 F - a lightning rod (4/4)
   (You found it on level 10 of the Dungeon)
 H - a phantom mirror
   (You found it on level 11 of the Dungeon)
 K - a condenser vane
   (You found it in a Gauntlet)
 U - a phial of floods
   (You found it in a Gauntlet)


   Skills:
 - Level 8.0 Fighting
 - Level 12.0 Dodging
 - Level 2.4 Stealth
 + Level 16.1 Spellcasting
 * Level 18.0 Conjurations
 - Level 6.0 Transmutations
 * Level 18.0 Fire Magic
 - Level 10.0 Earth Magic
 - Level 5.0 Evocations


You had 9 spell levels left.
You knew the following spells:

 Your Spells              Type           Power      Damage    Failure   Level
a - Foxfire               Conj/Fire      100%       2x1d9     0%          1
b - Scorch                Fire           100%       2d9       0%          2
c - Inner Flame           Hex/Fire       66%        N/A       1%          3
d - Flame Wave            Conj/Fire      100%       2d21      0%          4
e - Bombard               Conj/Erth      51%        9d9       1%          6
f - Fireball              Conj/Fire      56%        3d22      1%          5
g - Spellforged Servitor  Conj/Summ      42%        N/A       21%         7
h - Starburst             Conj/Fire      56%        6d15      1%          6
i - Irradiate             Conj/Tmut      48%        3d27      1%          5

Your spell library contained the following spells:

 Spells                   Type           Power      Damage    Failure   Level
 Momentum Strike          Conj/Tloc      100%       3d10      1%          2
 Static Discharge         Conj/Air       100%       2-7/arc   1%          2
 Wereblood                Tmut           55%        N/A       1%          2
 Volatile Blastmotes      Fire/Tloc      100%       2d18      1%          3
 Petrify                  Tmut/Erth      62%        N/A       1%          4
 Necrotise                Necr           92%        1d8       3%          1
 Plasma Beam              Fire/Air       33%        2x1d46    4%          6
 Blink                    Tloc           46%        N/A       6%          2
 Lesser Beckoning         Tloc           46%        N/A       6%          2
 Sublimation of Blood     Necr           23%        N/A       6%          2
 Airstrike                Air            11%        2d(2-18)  11%         4
 Ozocubu's Armour         Ice            23%        N/A       12%         3
 Vampiric Draining        Necr           23%        2d7       12%         3
 Borgnjor's Vile Clutch   Necr/Erth      25%        N/A       14%         5
 Alistair's Intoxication  Tmut/Pois      26%        N/A       30%         5
 Cause Fear               Hex            11%        N/A       36%         4
 Summon Lightning Spire   Summ/Air       23%        N/A       36%         4
 Eringya's Noxious Bog    Tmut/Pois      20%        4d6       38%         6
 Agony                    Necr           23%        N/A       71%         5
 Ozocubu's Refrigeration  Ice            11%        4d10      99%         7
 Summon Hydra             Summ           11%        N/A       100%        7
 Dragon's Call            Summ           11%        N/A       100%        9


Dungeon Overview and Level Annotations

Branches:
Dungeon (15/15) Zot: 25473  Temple (1/1) D:4 Zot: 5978    Lair (5/5) D:11 Zot: 22951
 Shoals (4/4) Lair:3 Zot: 21133  Spider (0/4) Lair:3        Slime (0/5) Lair:5
    Orc (2/2) D:10 Zot: 10501     Elf (0/3) Orc:2        Vaults (0/5) D:13
 Depths (0/4) D:15        Volcano (visited)         Gauntlet (visited)

Altars:
Ashenzari
Cheibriados
Dithmenos
Elyvilon
Fedhas
Gozag
Hepliaklqana
Kikubaaqudgha
Makhleb
Nemelex Xobeh
Okawaru
Qazlal
Ru
Sif Muna
Trog
Uskayaw
Vehumet
Wu Jian
Xom
Yredelemnul
Zin
The Shining One
Jiyva

Shops:
D:15 *   Orc:2 [*=[[   Shoals:2 *   Shoals:3 [(

Portals:
Abyss: D:4
Trove: D:15 (give +3 shadow dragon scales)

Annotations:
D:4 2 transporters, 1 runed translucent door, Crazy Yiuf; Tenar's ghost, amateur DrSh
Lair:3 3 runed translucent doors, MrCrawl's ghost, journeyman DrFE


Message History

Aiming: Fireball (safe; 1% risk of failure)
Press: ? - help, Shift-Dir - straight line, f - wind drake
Aim: a wind drake (repelling missiles)
You feel a surge of power!
The fireball explodes!
The fireball engulfs the wind drake!!
The wind drake is severely wounded.
A snapping turtle comes into view.
The merfolk avatar chants its luring song.
Casting: Fireball (safe; 1% risk of failure)
Confirm with . or Enter, or press ? or * to list all spells.
Aiming: Fireball (safe; 1% risk of failure)
Press: ? - help, Shift-Dir - straight line, f/p - wind drake
Aim: a wind drake (severely wounded, repelling missiles)
You feel a surge of power!
The fireball explodes!
The fireball engulfs the wind drake!!
You kill the wind drake!
Vehumet accepts your kill.
You feel your power returning.
A merfolk avatar comes into view.
The merfolk avatar chants its luring song.
Your Conjurations skill increases to level 18!
Your Fire Magic skill increases to level 18!
Casting: Fireball (safe; 1% risk of failure)
Confirm with . or Enter, or press ? or * to list all spells.
Aiming: Fireball (safe; 1% risk of failure)
Press: ? - help, Shift-Dir - straight line, f - merfolk avatar
Aim: a merfolk avatar (lightly wounded, mesmerising)
You feel a surge of power!
The fireball explodes!
The fireball engulfs the merfolk avatar!!!
The merfolk avatar is severely wounded.
The pull of its song draws you forwards.
The shadowy forms in the deep grow still as others approach.
A merfolk aquamancer comes into view.
It is wielding a +3 rapier of protection.
Casting: Fireball (safe; 1% risk of failure)
Confirm with . or Enter, or press ? or * to list all spells.
Aiming: Fireball (safe; 1% risk of failure)
Press: ? - help, Shift-Dir - straight line, f/p - merfolk avatar
Aim: a merfolk avatar (severely wounded, mesmerising)
You feel a surge of power!
The fireball explodes!
The fireball engulfs the merfolk avatar!!!
You are no longer entranced.
You kill the merfolk avatar!
Vehumet accepts your kill.
You feel your power returning.
A nearby plant withers and dies.
The merfolk aquamancer points at you and mumbles some strange words.
The torrent of water misses you.
The wave splashes down.
Splash!
You fall into the shallow water.
Moving in this stuff is going to be slow.
The merfolk avatar chants a haunting song.
You resist.
A merfolk avatar comes into view.
A sea snake comes into view.
The merfolk aquamancer gestures wildly while chanting.
The merfolk aquamancer blinks!
You see here a sea snake corpse.
The merfolk aquamancer gestures at you while chanting.
The torrent of water misses you.
The wave splashes down.
Splash!
You fall into the shallow water.
Moving in this stuff is going to be slow.
Unknown command.
The sea snake barely misses you. You block the sea snake's attack.
The sea snake bites you!
Unknown command.
Found a book of Blasting.
The sentinel's mark upon you fades away.
The shadowy forms in the deep grow still as others approach.
The sea snake attacks as it pursues you!
The sea snake misses you. The drowned soul touches you.
The drowned soul drowns you!
The merfolk avatar chants a haunting song.
You resist with some effort.
The merfolk aquamancer gestures wildly while chanting.
The merfolk aquamancer blinks!
Unknown command.
Casting: Fireball (safe; 1% risk of failure)
Confirm with . or Enter, or press ? or * to list all spells.
You feel a surge of power!
The bolt of fire hits the sea snake!!!
The sea snake is almost dead.
The sea snake bites you but does no damage. x2
The merfolk avatar chants a haunting song.
You easily resist.
Unknown command.
Casting: Starburst (mildly dangerous; 1% risk of failure)
Confirm with . or Enter, or press ? or * to list all spells.
You feel a surge of power!
The bolt of fire hits the sea snake!!!
You kill the sea snake!
Vehumet accepts your kill.
You feel your power returning.
The bolt of fire hits the snapping turtle!!!
The snapping turtle is almost dead.
A merfolk comes into view. It is wielding a +0 trident.
A merfolk javelineer comes into view.
It is wielding a +0 heavy spear and quivering silver javelins.
The merfolk aquamancer gestures at you while chanting.
The torrent of water hits you!!
* * * LOW HITPOINT WARNING * * *
You are knocked back by the torrent of water.
You slam into the rock wall!
You die...

§§§~~~~~~~.... .........P
§~§~~~~~~.... ......(...
....~~~.~~≈≈ .........P.
.........~≈ ...........
.......... ######......)).
......... #≈§≈≈≈##........
#.......##~§~..#≈##.......
#......#§.~≈≈.:#≈#~......
#......#@.#≈# .~≈#≈~..<..
#......#†.m≈##≈~≈#≈~=....
#...t..#§t§≈≈≈≈~≈#≈≈(.)..
#......#m#m§≈#~.≈#≈[~.)..
#......~#~#m~~~~##≈~~...†
##....~~††#~~~~~##≈≈~~.÷..
#~....~~†..######(~~~~~.)~
~≈†...~~~†~~m~~~)†[~~~~÷~~
≈§~...†..~~~~~..[).~~~~~~~


You could see a merfolk avatar, a merfolk javelineer, a merfolk aquamancer, a
snapping turtle and a merfolk.

Vanquished Creatures
  Kirke (D:12)
  An orc warlord (Orc:1)
  The ghost of t4s4d4r the Bludgeoner, a journeyman DsFi of Okawaru (Lair:5)
  Nessos (D:12)
  A minotaur (Gauntlet)
  5 merfolk impalers
  Josephine (Lair:4)
  2 merfolk javelineers
  Erolcha (D:12)
  A quicksilver dragon zombie (D:15)
  A vault guard (D:13)
  5 hydras
  5 merfolk avatars
  2 catoblepae
  A sphinx zombie (D:15)
  9 death yaks
  2 centaur warriors
  2 merfolk aquamancers (Shoals:1)
  2 satyrs
  3 two-headed ogres
  2 boulder beetles
  A death scarab (Gauntlet)
  2 tengu warriors (D:15)
  A deep troll shaman (Lair:5)
  3 orc high priests (Orc:2)
  Nergalle (D:12)
  A sun demon (Volcano)
  3 skysharks
  3 skeletal warriors (D:15)
  A pharaoh ant (Lair:3)
  A storm dragon skeleton (D:15)
  13 sea snakes
  A glowing orange brain (D:13)
  A flayed ghost (D:15)
  5 orc knights (Orc:2)
  26 harpies
  2 wolf spiders (D:15)
  A deep elf pyromancer (D:15)
  A necromancer (D:15)
  4 orc sorcerers
  13 ugly things
  10 cyclopes
  6 fauns
  8 manticores
  A guardian serpent (D:12)
  8 merfolk sirens
  7 black mambas
  15 elephants
  A torpor snail (Lair:5)
  2 water nymphs
  10 cane toads
  3 efreet
  Jeremiah (D:6)
  A gargoyle (D:14)
  An unseen horror (D:12)
  4 rime drakes
  12 komodo dragons
  4 yaktaurs (D:15)
  A red devil (Volcano)
  7 wind drakes
  37 merfolk
  4 trolls
  2 polar bears
  A queen bee (Lair:2)
  17 blink frogs
  9 snapping turtles
  6 saltlings (Orc:2)
  9 dream sheep
  A culicivora (shapeshifter) (D:13)
  2 centaur simulacra (Gauntlet)
  2 shadows (D:12)
  5 wyverns
  11 slime creatures
  9 water elementals
  74 yaks
  6 wraiths
  7 basilisks
  A fire bat (Volcano)
  2 steam dragons
  2 fire elementals (Gauntlet)
  3 hogs (D:12)
  A redback (Lair:3)
  8 vampire mosquitoes
  3 wargs
  A spectral cane toad (Gauntlet)
  6 hell hounds
  18 water moccasins
  2 black bears
  27 orc warriors
  11 ice beasts
  27 wolves
  5 centaurs
  5 ogres
  A kobold brigand (D:10)
  Blork the orc (D:6)
  21 bullfrogs
  5 scorpions
  5 wights (D:8)
  22 killer bees (Lair:2)
  A hornet simulacrum (Gauntlet)
  13 howler monkeys
  15 electric eels
  A lava snake (Volcano)
  2 jellies
  2 gnoll boudas
  4 hounds
  12 orc priests
  A sleepcap (D:5)
  Terence (D:3)
  2 iguanas
  26 orc wizards
  2 hell rats (D:11)
  Robin (D:3)
  7 gnolls
  6 adders
  A river rat (D:11)
  2 shadow imps
  2 worms (D:2)
  A dart slug (D:2)
  74 orcs
  6 ball pythons
  7 endoplasms
  2 giant cockroaches (D:1)
  5 hobgoblins
  2 jackals (D:3)
  7 quokkas
  2 bats
  3 frilled lizards
  20 goblins
  6 kobolds
  7 rats
857 creatures vanquished.

Vanquished Creatures (collateral kills)
  A hydra (Lair:2)
  A cyclops (D:7)
  A killer bee (Lair:2)
  An orc priest (D:7)
  An orc (D:7)
5 creatures vanquished.

Vanquished Creatures (others)
  859 foxfires
859 creatures vanquished.

Grand Total: 1721 creatures vanquished

Notes
Turn   | Place    | Note
-------+----------+-------------------------------------------
     0 | D:1      | Flugkiller the Deep Elf Fire Elementalist began the quest
                  | for the Orb.
     0 | D:1      | Reached XP level 1. HP: 10/10 MP: 6/6
   274 | D:1      | Reached XP level 2. HP: 15/15 MP: 1/8
  1815 | D:2      | Reached XP level 3. HP: 19/19 MP: 6/9
  2286 | D:2      | Found a shimmering altar of Xom.
  2424 | D:3      | Reached XP level 4. HP: 17/24 MP: 3/11
  2565 | D:3      | Noticed Robin
  2571 | D:3      | Noticed Terence
  2607 | D:3      | Killed Robin
  2882 | D:3      | Killed Terence
  2883 | D:3      | Reached XP level 5. HP: 9/28 MP: 4/13
  3328 | D:3      | Reached skill level 5 in Fire Magic
  3804 | D:4      | Found a transporter.
  3806 | D:4      | Found a one-way gate to the infinite horrors of the Abyss.
  3806 | D:4      | Noticed Tenar's ghost (amateur DrSh)
  3806 | D:4      | Noticed a small abomination
  3815 | D:4      | Learned a level 2 spell: Scorch
  3819 | D:4      | Learned a level 3 spell: Inner Flame
  3823 | D:4      | Learned a level 3 spell: Volatile Blastmotes
  3912 | D:4      | Reached XP level 6. HP: 4/32 MP: 7/14
  4022 | D:4      | Found a transporter.
  4025 | D:4      | Noticed an ancient zyme
  4277 | D:4      | Reached skill level 5 in Spellcasting
  4277 | D:4      | Reached skill level 5 in Conjurations
  4279 | D:4      | Reached XP level 7. HP: 36/36 MP: 8/16
  4676 | D:4      | Found a runed translucent door.
  4677 | D:4      | Noticed Crazy Yiuf
  4789 | D:4      | Found a staircase to the Ecumenical Temple.
  4958 | Temple   | Entered the Ecumenical Temple
  4969 | Temple   | Became a worshipper of Vehumet
  5082 | D:5      | Entered Level 5 of the Dungeon
  5657 | D:5      | Found a sacrificial altar of Ru.
  5770 | D:6      | Noticed Blork the orc
  5774 | D:6      | Reached XP level 8. HP: 41/41 MP: 14/19
  5776 | D:6      | Killed Blork the orc
  6345 | D:6      | Noticed Jeremiah
  6355 | D:6      | Killed Jeremiah
  7151 | D:6      | Identified the +6 hand axe of the Old World {freeze, Str-5
                  | Dex+4}
  7155 | D:6      | Found a stormy altar of Qazlal.
  7171 | D:7      | Learned a level 4 spell: Flame Wave
  7365 | D:7      | Reached XP level 9. HP: 34/45 MP: 8/22
  7481 | D:7      | Reached * piety under Vehumet
  7481 | D:7      | Offered knowledge of Magic Dart by Vehumet.
  7775 | D:7      | Noticed a boulder beetle
  7775 | D:7      | Noticed a cyclops
  7789 | D:7      | Killed a cyclops
  7877 | D:8      | Identified the staff of the Blushing Spider {rN+ Conj}
  7880 | D:8      | Reached skill level 10 in Fire Magic
  8060 | D:7      | Killed a boulder beetle
  8061 | D:7      | Reached skill level 10 in Conjurations
  8115 | D:7      | Reached XP level 10. HP: 27/50 MP: 3/24
  8573 | D:8      | Learned a level 5 spell: Fireball
  9177 | D:8      | Reached skill level 1 in Fighting
  9177 | D:8      | Offered knowledge of Sandblast by Vehumet.
  9200 | D:8      | Reached ** piety under Vehumet
 10308 | D:9      | Reached skill level 5 in Dodging
 10845 | D:10     | Entered Level 10 of the Dungeon
 11187 | D:10     | Offered knowledge of Stone Arrow by Vehumet.
 11190 | D:10     | Found a burning altar of Makhleb.
 11305 | D:10     | Reached skill level 1 in Evocations
 11354 | D:10     | Reached XP level 11. HP: 37/61 MP: 19/26
 11465 | D:10     | Reached *** piety under Vehumet
 11947 | D:10     | Found a staircase to the Orcish Mines.
 12132 | D:10     | Reached skill level 10 in Spellcasting
 12178 | D:10     | Offered knowledge of Ignite Poison by Vehumet.
 12445 | D:11     | Noticed a two-headed ogre
 12448 | D:11     | Killed a two-headed ogre
 12832 | D:11     | Noticed a two-headed ogre
 12965 | D:11     | Noticed a death yak
 12967 | D:11     | Reached skill level 5 in Evocations
 12976 | D:11     | Noticed a death yak
 12976 | D:11     | Noticed a death yak
 13327 | D:11     | Killed a two-headed ogre
 13339 | D:11     | Reached **** piety under Vehumet
 13563 | D:11     | Found a staircase to the Lair.
 13593 | D:11     | Offered knowledge of Olgreb's Toxic Radiance by Vehumet.
 14147 | D:11     | Killed a death yak
 14148 | D:11     | Killed a death yak
 14149 | D:11     | Reached skill level 5 in Fighting
 14176 | D:11     | Killed a death yak
 14329 | Lair:1   | Entered Level 1 of the Lair of Beasts
 14338 | Lair:1   | Reached XP level 12. HP: 50/68 MP: 15/31
 14570 | Lair:1   | Learned a level 5 spell: Irradiate
 14591 | Lair:1   | You are sucked into a shaft and drop 1 floor!
 14593 | Lair:2   | Noticed a catoblepas
 14605 | Lair:2   | Reached skill level 1 in Transmutations
 14611 | Lair:2   | Killed a catoblepas
 14715 | Lair:2   | Reached ***** piety under Vehumet
 14829 | Lair:2   | Offered knowledge of Arcjolt by Vehumet.
 14830 | Lair:2   | Reached skill level 10 in Dodging
 14835 | Lair:2   | Noticed a seven-headed hydra
 14852 | Lair:2   | Killed a seven-headed hydra
 14945 | Lair:2   | Found a dark tunnel.
 14976 | Volcano  | Entered a volcano
 15068 | Volcano  | Found a burning altar of Makhleb.
 15079 | Volcano  | Reached skill level 5 in Transmutations
 15386 | Lair:2   | Reached skill level 15 in Spellcasting
 16066 | Lair:1   | Reached XP level 13. HP: 74/74 MP: 26/34
 17391 | Lair:3   | Found a hole to the Spider Nest.
 17608 | Lair:3   | Found a staircase to the Shoals.
 17807 | Lair:3   | Offered knowledge of Bombard by Vehumet.
 17816 | Lair:3   | Learned a level 6 spell: Bombard
 17932 | Lair:3   | Found a runed translucent gate.
 17932 | Lair:3   | Found a runed translucent gate.
 17933 | Lair:3   | Found a runed translucent gate.
 17933 | Lair:3   | Noticed MrCrawl's ghost (journeyman DrFE)
 18394 | Lair:4   | Noticed Josephine
 18413 | Lair:4   | Killed Josephine
 18734 | Lair:4   | Identified the +0 chain mail "Istem" {Dex+6}
 19137 | Lair:4   | Reached XP level 14. HP: 80/80 MP: 1/35
 19814 | Lair:5   | Entered Level 5 of the Lair of Beasts
 19939 | Lair:5   | Found a runed translucent door.
 20095 | Lair:5   | Found a viscous altar of Jiyva.
 20095 | Lair:5   | Found a staircase to the Slime Pits.
 20289 | Lair:5   | Reached skill level 15 in Fire Magic
 20490 | Lair:5   | Reached skill level 15 in Conjurations
 20877 | Lair:5   | Noticed t4s4d4r's ghost (journeyman DsFi)
 20951 | Lair:5   | Offered knowledge of Freezing Cloud by Vehumet.
 21181 | Lair:5   | Killed t4s4d4r's ghost
 21404 | D:12     | Reached skill level 1 in Earth Magic
 21527 | D:12     | Noticed Erolcha
 21529 | D:12     | Killed Erolcha
 21790 | D:12     | Noticed Nergalle
 21797 | D:12     | Killed Nergalle
 21975 | D:12     | Noticed Nessos
 21978 | D:12     | Killed Nessos
 22114 | D:12     | Noticed Kirke
 22217 | D:12     | Killed Kirke
 22510 | D:12     | Identified the +8 long sword of Eschirisie {pain, Str+5
                  | Int+4}
 22980 | D:13     | Reached XP level 15. HP: 87/87 MP: 4/36
 23812 | D:13     | Found a gate to the Vaults.
 24182 | D:14     | Reached skill level 5 in Earth Magic
 25043 | D:15     | Entered Level 15 of the Dungeon
 25101 | D:15     | Found Hachid's General Store.
 25148 | D:15     | Found a portal to a secret trove of treasure.
 25295 | D:15     | Found a gate leading to a gauntlet.
 25304 | Gauntlet | Entered a Gauntlet
 25304 | Gauntlet | Found a transporter.
 25304 | Gauntlet | Found a transporter.
 25313 | Gauntlet | Found a transporter.
 25316 | Gauntlet | Found a transporter.
 25324 | Gauntlet | Found a transporter.
 25328 | Gauntlet | Found a transporter.
 25339 | Gauntlet | Found a transporter.
 25353 | Gauntlet | Found a transporter.
 25368 | Gauntlet | Found a transporter.
 25371 | Gauntlet | Found a transporter.
 25379 | Gauntlet | Found a transporter.
 25383 | Gauntlet | Found a transporter.
 25550 | Gauntlet | Identified the +1 pair of gloves of Polytheism {rF++ rCorr}
 25714 | Gauntlet | Offered knowledge of Conjure Ball Lightning by Vehumet.
 25720 | Gauntlet | Identified the amulet of Qisaolos {Spirit rElec Slay+2}
 26186 | D:15     | Found a staircase to the Depths.
 26215 | D:15     | Reached skill level 10 in Earth Magic
 26858 | Orc:1    | Entered Level 1 of the Orcish Mines
 27095 | Orc:2    | Entered Level 2 of the Orcish Mines
 27511 | Orc:2    | Found Ronoam's Armour Boutique.
 27564 | Orc:2    | Found Gicuov's General Store.
 27566 | Orc:2    | Found Qiapn's Jewellery Shoppe.
 27995 | Orc:2    | Found a staircase to the Elven Halls.
 28119 | Orc:2    | Found Xuseilu's Antique Armour Shop.
 28126 | Orc:2    | Bought a warped robe for 159 gold pieces
 28126 | Orc:2    | Identified the +2 robe of Vampiric Thralls {Harm} (You
                  | bought it in a shop on level 2 of the Orcish Mines)
 28346 | Orc:2    | Found Xiangi's Armour Shoppe.
 28409 | Orc:2    | Bought an amulet of magic regeneration for 390 gold pieces
 28584 | Shoals:1 | Entered Level 1 of the Shoals
 28623 | Shoals:1 | Identified the +3 dagger of Mutilation {vamp, Will+}
 28726 | Shoals:1 | Reached XP level 16. HP: 93/93 MP: 29/37
 29018 | Shoals:1 | Reached ****** piety under Vehumet
 29471 | Shoals:1 | Offered knowledge of Spellforged Servitor by Vehumet.
 29493 | Shoals:1 | Learned a level 7 spell: Spellforged Servitor
 30270 | Shoals:2 | Found Muxiob's Mayhem Merchandise.
 30278 | Shoals:2 | Bought a book of Fire for 608 gold pieces
 30387 | Shoals:2 | Learned a level 6 spell: Starburst
 30634 | Shoals:3 | Found Cefruuf's Antique Weapon Boutique.
 30675 | Shoals:3 | Identified the +6 shortbow "Gram" {freeze, rF+ rC+ Will+
                  | Str+2}
 30778 | Shoals:3 | Found Sihuqof's Armour Shop.
 31046 | Shoals:4 | Entered Level 4 of the Shoals
 31455 | Shoals:4 | Reached XP level 17. HP: 23/97 MP: 39/39
 31468 | Shoals:4 | Collided with a rock wall

Illustrated notes

Levels and vault maps discovered:
D:1:      minmay_arrival_stone_box, layout_basic
D:2:      layout_loops_cross, basic_altar
D:3:      layout_basic, minmay_misc_feat_more_columns, uniq_robin, uniq_terence
D:4:      layout_basic, minmay_temple_entry_poolview,
          gammafunk_ghost_abyssal_escape, uniq_crazy_yiuf_cottage
D:5:      layout_rooms, mainiacjoe_overflow_surrounded_room
D:6:      layout_basic, nicolae_overflow_hidden_temple, uniq_blork_the_orc,
          uniq_jeremiah
D:7:      minmay_cornered_nines, layout_cave_pools,
          chequers_serial_rivers_micro_a
D:8:      layout_layer_cave, minmay_strange_pillars, disabler_island
D:9:      layout_gridville
D:10:     layout_loops_ring, bloody_makhleb, erik_orc_2
D:11:     layout_basic, dpeg_lair_monsters, kennysheep_generic_room_8
D:12:     layout_roguey, nrook_guardian_serpent_ordinary, uniq_nessos,
          uniq_nergalle, uniq_kirke, uniq_erolcha
D:13:     layout_loops_corners, hellmonk_vaults_order_and_chaos,
          serial_bayou_pond_d
D:14:     minmay_twisted_water, layout_basic, abandoned_shop
D:15:     gammafunk_depths_entry_grave, layout_gridville, serial_shops, shop,
          serial_rivers, chequers_serial_rivers_large_a,
          chequers_serial_rivers_micro_e, chequers_serial_rivers_marsh,
          chequers_serial_rivers_small_b, gauntlet_entry_generic, enter_trove_0,
          minmay_fractal_squares_gapless_5
Temple:   compressed_dpeg_triangle_lava_temple
Lair:1:   layout_loops_ring, dpeg_stationary_puzzle, grunt_megastairs_2
Lair:2:   regret_index_wax_grids, layout_regular_city, enter_volcano_3,
          chequers_serial_rivers_room_a
Lair:3:   layout_chaotic_city, nicolae_shoals_entry_roost,
          nicolae_spider_entry_lesser_pyramids, gammafunk_ghost_hydra_chop
Lair:4:   layout_regular_city, serial_bayou_shore_b, uniq_josephine
Lair:5:   grunt_lair_end_beastmaster, layout_long_grid, slime_entry_2,
          ebering_ghost_reflecting_pool, infiniplex_staircase_pool_2,
          grunt_megastairs_4, serial_bayou_shore_a
Shoals:1: layout_shoals, nicolae_shoals_flooded_hall
Shoals:2: layout_shoals, minmay_shop_mayhem
Shoals:3: layout_shoals, serial_shops, nicolae_shop_rolling_square,
          nicolae_stop_n_shop_2
Shoals:4: shoals_end_hangedman, layout_shoals, nicolae_shoals_shepherds,
          uniq_polyphemus
Orc:1:    layout_caves, basic_altar, lightli_church_of_beogh
Orc:2:    hellmonk_orc_salted, layout_caves, serial_shops,
          nicolae_shop_window_shopping, mines2_david

Skill      XL: |  1  2  3  4  5  6  7  8  9 10 11 12 13 14 15 16 17 |
---------------+----------------------------------------------------+-----
Conjurations   | 2 3 4 5 6 8 10 13 15 16 17 18 | 18.0
Fire Magic     | 4 5 6 7 8 10 11 14 15 16 17 18 | 18.0
Spellcasting   | 4 5 6 7 8 9 13 15 16 | 16.1
Fighting       | 4 5 6 7 8 |  8.0
Dodging        | 7 8 10 11 12 | 12.0
Evocations     | 1 5 |  5.0
Transmutations | 6 |  6.0
Earth Magic    | 3 10 | 10.0
Stealth        | |  2.4

Action                     |  1- 3 |  4- 6 |  7- 9 | 10-12 | 13-15 | 16-18 || total
---------------------------+-------+-------+-------+-------+-------+-------++-------
  Melee: Unarmed           |     9 |       |       |       |       |       ||     9
         Dagger            |     1 |     7 |     7 |       |       |       ||    15
         Punch             |       |       |     1 |     2 |       |       ||     3
         Staff             |       |       |       |    46 |    43 |     1 ||    90
   Cast: Foxfire           |   112 |   109 |   152 |   151 |     5 |     8 ||   537
         Scorch            |       |     2 |    40 |    39 |    21 |       ||   102
         Inner Flame       |       |       |     3 |       |     1 |       ||     4
         Volatile Blastmot |       |       |     5 |     1 |       |       ||     6
         Flame Wave        |       |       |     4 |    45 |    85 |     7 ||   141
         Fireball          |       |       |       |   105 |   314 |   155 ||   574
         Irradiate         |       |       |       |     5 |    14 |       ||    19
         Bombard           |       |       |       |       |     3 |       ||     3
         Starburst         |       |       |       |       |       |     6 ||     6
  Evoke: Wand              |       |       |     6 |     3 |       |       ||     9
         Lightning rod     |       |       |       |     4 |       |       ||     4
         Phantom mirror    |       |       |       |     1 |       |       ||     1
    Use: Scroll            |       |    11 |     6 |    12 |     9 |     2 ||    40
         Potion            |       |     1 |       |       |       |     2 ||     3
 Armour: Robe              |    19 |    14 |       |       |       |    38 ||    71
         Leather armour    |       |     9 |    52 |   145 |   127 |       ||   333
  Dodge: Dodged            |    16 |    20 |    40 |   188 |   247 |    41 ||   552
  Block: Buckler           |       |       |       |    38 |    26 |     6 ||    70

Table legend: (Time is in decaauts)
 A = Elapsed time spent in this place.
 B = Non-inter-level travel time spent in this place.
 C = Inter-level travel time spent in this place.
 D = Time resting spent in this place.
 E = Time spent auto-exploring this place.
 F = Levels seen in this place.
 G = Mean time per level.
                   A        B        C        D        E       F      G
               +--------+--------+--------+--------+--------+-----+--------+
         Total |  31775 |  29855 |   1920 |   9900 |  14441 |  29 | 1095.7 |
       Dungeon |  19523 |  18260 |   1263 |   6056 |   9106 |  15 | 1301.5 |
        Temple |     21 |     12 |      9 |      0 |      0 |   1 |   21.0 |
          Lair |   7048 |   6661 |    387 |   2457 |   3047 |   5 | 1409.6 |
        Shoals |   2866 |   2681 |    185 |    715 |   1429 |   4 |  716.5 |
  Orcish Mines |   1499 |   1426 |     73 |    399 |    741 |   2 |  749.5 |
       Volcano |    209 |    209 |      0 |     89 |     23 |   1 |  209.0 |
      Gauntlet |    607 |    607 |      0 |    184 |     95 |   1 |  607.0 |
               +--------+--------+--------+--------+--------+-----+--------+

Top non-repeatable levels by time:
    D:10: 2149 daAuts
     D:8: 1840 daAuts
     D:1: 1715 daAuts
    D:11: 1657 daAuts
    D:12: 1562 daAuts
  Lair:1: 1540 daAuts
  Lair:2: 1462 daAuts
  Lair:5: 1437 daAuts
     D:6: 1431 daAuts
     D:3: 1426 daAuts
   Orc:2: 1364 daAuts
  Lair:4: 1347 daAuts
  Lair:3: 1260 daAuts
     D:4: 1256 daAuts
    D:14: 1165 daAuts
